| TOP OF THE 1ST |
|
Kannapolis Intimidators batting - Pitching for Cedar Rapids Kernels : LHP Jon Lizarraga
|
|
Pitching: LHP Jon Lizarraga
|
|
|
Batting: RHB Sean Peake
|
0-0: Foul Ball, location: 2F 0-1: Called Strike 0-2: Ball 1-2: Foul Ball, location: 2F 1-2: Strikes out looking
|
|
Batting: RHB Mike Warzecha
|
0-0: Called Strike 0-1: Ball 1-1: Called Strike 1-2: Fly out, F9 (Flyball, 9S, EV 85.6 MPH)
|
|
Batting: RHB Mark Jones
|
0-0: Foul Ball, location: 2F 0-1: Foul Ball, location: 2F 0-2: Ball 1-2: SINGLE (Line Drive, 34D, EV 97.5 MPH)
|
|
Batting: RHB Nick Kleckner
|
0-0: Ball 1-0: Fly out, F9 (Flyball, 9, EV 93.8 MPH)
|
| Top of the 1st over - 0 runs, 1 hit, 0 errors, 1 left on base; Kannapolis 0 - Cedar Rapids 0 |
| BOTTOM OF THE 1ST |
|
Cedar Rapids Kernels batting - Pitching for Kannapolis Intimidators : RHP Tony Holley
|
|
Pitching: RHP Tony Holley
|
|
|
Batting: RHB David McDonald
|
0-0: SINGLE (Groundball, 25, EV 65.6 MPH) (infield hit)
|
|
Batting: RHB Tim Carter
|
0-0: Called Strike 0-1: Ball 1-1: DOUBLE (Line Drive, 3D, EV 105.6 MPH) David McDonald to third Runner from 3rd tries for Home, throw by RF and OUT! 9-4-2
|
|
Batting: LHB Kuemon Shishido
|
0-0: Ball 1-0: Called Strike 1-1: Foul Ball, location: 2F 1-2: SINGLE (Line Drive, 4D, EV 94.4 MPH) Tim Carter to third
|
|
Batting: LHB Shaun Price
|
0-0: Ball 1-0: Ball 2-0: SINGLE (Groundball, 4MD, EV 107.5 MPH) Tim Carter scores Kuemon Shishido to second
|
|
Batting: LHB Marvin Shepherd
|
0-0: TRIPLE (Flyball, 89XD, EV 106.2 MPH) Kuemon Shishido scores Shaun Price scores
|
|
Batting: RHB Nate Matson
|
0-0: Fly out, F7 (Flyball, 7LMF, EV 85.6 MPH) Runner from 3rd tags up, SCORES, throw by LF
|
|
Batting: RHB Chris Bejarano
|
0-0: Called Strike 0-1: Ball 1-1: Swinging Strike 1-2: Strikes out swinging
|
| Bottom of the 1st over - 4 runs, 5 hits, 0 errors, 0 left on base; Kannapolis 0 - Cedar Rapids 4 |
| TOP OF THE 2ND |
|
Kannapolis Intimidators batting - Pitching for Cedar Rapids Kernels : LHP Jon Lizarraga
|
|
Batting: SHB Jose Castillo
|
0-0: SINGLE (Groundball, 34D, EV 100.6 MPH)
|
|
Batting: RHB Armando Vazquez
|
0-0: Called Strike Pickoff Play to 1st, Runner tries for 2nd, OUT after rundown. 0-1: Ball 1-1: Fly out, F9 (Flyball, 89S, EV 88.1 MPH)
|
|
Batting: RHB Tatsunori Hayakawa
|
0-0: Ball 1-0: Ball 2-0: Ball 3-0: Base on Balls
|
|
Batting: RHB Jose Marquez
|
0-0: Foul Ball, location: 2F 0-1: Ball 1-1: Ground out 4-3 (Groundball, 4MD, EV 110.0 MPH)
|
| Top of the 2nd over - 0 runs, 1 hit, 0 errors, 1 left on base; Kannapolis 0 - Cedar Rapids 4 |
| BOTTOM OF THE 2ND |
|
Cedar Rapids Kernels batting - Pitching for Kannapolis Intimidators : RHP Tony Holley
|
|
Batting: LHB Hector Olvera
|
0-0: Ground out 4-3 (Groundball, 4, EV 109.4 MPH)
|
|
Batting: RHB Antonio Santos
|
0-0: Ball 1-0: Called Strike 1-1: Swinging Strike 1-2: SINGLE (Line Drive, 6D, EV 94.4 MPH)
|
|
Batting: RHB David McDonald
|
0-0: Ball 1-0: Ball 2-0: Ball 3-0: Called Strike 3-1: Swinging Strike 3-2: Strikes out swinging
|
|
Batting: RHB Tim Carter
|
0-0: Foul Ball, location: 2F 0-1: SINGLE (Flyball, 89M, EV 91.9 MPH) Antonio Santos to second Runner from 2nd tries for 3rd, SAFE, no throw by RF
|
|
Batting: LHB Kuemon Shishido
|
0-0: Called Strike 0-1: Swinging Strike 0-2: Ball 1-2: Foul Ball, location: 2F 1-2: Foul Ball, location: 2F 1-2: Ball 2-2: Strikes out swinging
|
| Bottom of the 2nd over - 0 runs, 2 hits, 0 errors, 2 left on base; Kannapolis 0 - Cedar Rapids 4 |
| TOP OF THE 3RD |
|
Kannapolis Intimidators batting - Pitching for Cedar Rapids Kernels : LHP Jon Lizarraga
|
|
Batting: RHB Dunlang Clark
|
0-0: Ground out 4-3 (Groundball, 4, EV 83.8 MPH)
|
|
Batting: RHB Sean Peake
|
0-0: Ball 1-0: Ball 2-0: DOUBLE (Line Drive, 9LS, EV 93.8 MPH)
|
|
Batting: RHB Mike Warzecha
|
0-0: Foul Ball, location: 2F 0-1: Ground out 4-3 (Groundball, 13, EV 83.8 MPH) Sean Peake to third
|
|
Batting: RHB Mark Jones
|
0-0: Ball 1-0: Ball 2-0: Swinging Strike 2-1: Foul Ball, location: 2F 2-2: Foul Ball, location: 2F 2-2: Foul Ball, location: 2F 2-2: Foul Ball, location: 2F 2-2: Ball 3-2: Strikes out swinging
|
| Top of the 3rd over - 0 runs, 1 hit, 0 errors, 1 left on base; Kannapolis 0 - Cedar Rapids 4 |
| BOTTOM OF THE 3RD |
|
Cedar Rapids Kernels batting - Pitching for Kannapolis Intimidators : RHP Tony Holley
|
|
Batting: LHB Shaun Price
|
0-0: Called Strike 0-1: Foul Ball, location: 2F 0-2: SOLO HOME RUN (Flyball, 9D, EV 96.9 MPH), Distance : 387 ft
|
|
Batting: LHB Marvin Shepherd
|
0-0: Called Strike 0-1: Called Strike 0-2: Ball 1-2: Ball 2-2: SINGLE (Groundball, 15S, EV 71.9 MPH) (infield hit)
|
|
Batting: RHB Nate Matson
|
0-0: Called Strike 0-1: Ball 1-1: Foul Ball, location: 2F 1-2: Foul Ball, location: 2F 1-2: Strikes out swinging
|
|
Batting: RHB Chris Bejarano
|
0-0: Ball 1-0: Swinging Strike 1-1: Swinging Strike 1-2: Ball 2-2: Ball 3-2: DOUBLE (Line Drive, 7LS, EV 106.9 MPH) Marvin Shepherd to third Marvin Shepherd scores
|
|
Pitching: RHP Mario Napoles
|
|
|
Batting: LHB Hector Olvera
|
0-0: Called Strike 0-1: Ball 1-1: Called Strike 1-2: Foul Ball, location: 2F 1-2: Strikes out swinging
|
|
Batting: RHB Antonio Santos
|
0-0: Ball 1-0: Ground out 5-3 (Groundball, 56, EV 90.0 MPH)
|
| Bottom of the 3rd over - 2 runs, 3 hits, 0 errors, 1 left on base; Kannapolis 0 - Cedar Rapids 6 |
| TOP OF THE 4TH |
|
Kannapolis Intimidators batting - Pitching for Cedar Rapids Kernels : LHP Jon Lizarraga
|
|
Batting: RHB Nick Kleckner
|
0-0: Ball 1-0: Ball 2-0: Ball 3-0: Base on Balls
|
|
Batting: SHB Jose Castillo
|
0-0: Ball 1-0: Ball 2-0: Called Strike 2-1: Ball 3-1: Foul Ball, location: 2F 3-2: Base on Balls Nick Kleckner to second
|
|
Batting: RHB Armando Vazquez
|
0-0: Ball 1-0: Ball 2-0: Ball 3-0: Base on Balls Nick Kleckner to third Jose Castillo to second
|
|
Batting: RHB Tatsunori Hayakawa
|
0-0: Called Strike 0-1: SINGLE (Groundball, 4M, EV 105.6 MPH) (infield hit) Nick Kleckner scores Jose Castillo to third Armando Vazquez to second
|
|
Batting: RHB Jose Marquez
|
0-0: Swinging Strike 0-1: Ball 1-1: Foul Ball, location: 2F 1-2: Foul Ball, location: 2F 1-2: Fielders Choice at 2nd, 5-4 (Groundball, 56, EV 98.8 MPH) Jose Castillo scores Armando Vazquez to third
|
|
Batting: RHB Dunlang Clark
|
0-0: Foul Ball, location: 2F 0-1: DOUBLE (Flyball, 8RXD, EV 105.0 MPH) Armando Vazquez scores Jose Marquez to third Runner from 3rd tries for Home, SAFE, throw by CF to home
|
|
Batting: RHB Sean Peake
|
0-0: Called Strike 0-1: Swinging Strike 0-2: Ball 1-2: Strikes out swinging
|
|
Batting: RHB Mike Warzecha
|
0-0: Called Strike 0-1: Ball 1-1: Ball 2-1: Called Strike 2-2: Ground out 4-3 (Groundball, 4, EV 103.1 MPH)
|
| Top of the 4th over - 4 runs, 2 hits, 0 errors, 1 left on base; Kannapolis 4 - Cedar Rapids 6 |
| BOTTOM OF THE 4TH |
|
Cedar Rapids Kernels batting - Pitching for Kannapolis Intimidators : RHP Mario Napoles
|
|
Batting: RHB David McDonald
|
0-0: Ball 1-0: SINGLE (Groundball, 6MD, EV 105.6 MPH)
|
|
Batting: RHB Tim Carter
|
0-0: Ball 1-0: SINGLE (Groundball, 25, EV 61.9 MPH) (infield hit) David McDonald to second
|
|
Batting: LHB Kuemon Shishido
|
0-0: Ball 1-0: Ball 2-0: Swinging Strike 2-1: Grounds into double play, 1-6-3 (Groundball, 13S, EV 63.8 MPH) David McDonald to third
|
|
Batting: LHB Shaun Price
|
0-0: Ball 1-0: Ball 2-0: Ball 3-0: Base on Balls
|
|
Batting: LHB Marvin Shepherd
|
0-0: Swinging Strike 0-1: Swinging Strike 0-2: Foul Ball, location: 2F 0-2: Strikes out swinging
|
| Bottom of the 4th over - 0 runs, 2 hits, 0 errors, 2 left on base; Kannapolis 4 - Cedar Rapids 6 |
| TOP OF THE 5TH |
|
Kannapolis Intimidators batting - Pitching for Cedar Rapids Kernels : LHP Jon Lizarraga
|
|
Batting: RHB Mark Jones
|
0-0: Called Strike 0-1: Foul Ball, location: 2F 0-2: Strikes out swinging
|
|
Batting: RHB Nick Kleckner
|
0-0: Called Strike 0-1: Ball 1-1: Ball 2-1: Swinging Strike 2-2: Fly out, F8 (Flyball, 8RXD, EV 82.5 MPH)
|
|
Batting: SHB Jose Castillo
|
0-0: Foul Ball, location: 2F 0-1: Called Strike 0-2: Ball 1-2: Ball 2-2: Strikes out swinging
|
| Top of the 5th over - 0 runs, 0 hits, 0 errors, 0 left on base; Kannapolis 4 - Cedar Rapids 6 |
| BOTTOM OF THE 5TH |
|
Cedar Rapids Kernels batting - Pitching for Kannapolis Intimidators : RHP Mario Napoles
|
|
Batting: RHB Nate Matson
|
0-0: Ball 1-0: Ball 2-0: Ball 3-0: Called Strike 3-1: Ground out U3 (Groundball, 3L, EV 86.9 MPH)
|
|
Batting: RHB Chris Bejarano
|
0-0: Ball 1-0: Swinging Strike 1-1: Swinging Strike 1-2: Ground out 5-3 (Groundball, 5S, EV 83.8 MPH)
|
|
Batting: LHB Hector Olvera
|
0-0: Called Strike 0-1: Called Strike 0-2: Strikes out looking
|
| Bottom of the 5th over - 0 runs, 0 hits, 0 errors, 0 left on base; Kannapolis 4 - Cedar Rapids 6 |
| TOP OF THE 6TH |
|
Kannapolis Intimidators batting - Pitching for Cedar Rapids Kernels : LHP Jon Lizarraga
|
|
Pitching: RHP Bruce Wight
|
|
|
Batting: RHB Armando Vazquez
|
0-0: Ball 1-0: Foul Ball, location: 2F 1-1: Ball 2-1: Foul Ball, location: 2F 2-2: Strikes out swinging
|
|
Batting: RHB Tatsunori Hayakawa
|
0-0: Called Strike 0-1: Called Strike 0-2: Ball 1-2: Strikes out swinging
|
|
Batting: RHB Jose Marquez
|
0-0: Foul Ball, location: 2F 0-1: Called Strike 0-2: Strikes out looking
|
| Top of the 6th over - 0 runs, 0 hits, 0 errors, 0 left on base; Kannapolis 4 - Cedar Rapids 6 |
| BOTTOM OF THE 6TH |
|
Cedar Rapids Kernels batting - Pitching for Kannapolis Intimidators : RHP Mario Napoles
|
|
Batting: RHB Antonio Santos
|
0-0: Called Strike 0-1: Swinging Strike 0-2: Ball 1-2: Ball 2-2: Strikes out swinging, 2-3 out at first.
|
|
Pitching: LHP Eric Larsen
|
|
|
Batting: RHB David McDonald
|
0-0: Ball 1-0: Swinging Strike 1-1: Foul Ball, location: 2F 1-2: Strikes out swinging
|
|
Batting: RHB Tim Carter
|
0-0: Called Strike 0-1: Ball 1-1: Ball 2-1: Ball 3-1: Fly out, F7 (Flyball, 78S, EV 88.1 MPH)
|
| Bottom of the 6th over - 0 runs, 0 hits, 0 errors, 0 left on base; Kannapolis 4 - Cedar Rapids 6 |
| TOP OF THE 7TH |
|
Kannapolis Intimidators batting - Pitching for Cedar Rapids Kernels : RHP Bruce Wight
|
|
Batting: RHB Dunlang Clark
|
0-0: SINGLE (Groundball, 4S, EV 71.9 MPH) (infield hit)
|
|
Batting: RHB Sean Peake
|
0-0: Called Strike Dunlang Clark steals 2nd base 0-1: Ball 1-1: DOUBLE (Line Drive, 7LM, EV 109.4 MPH) Dunlang Clark scores
|
|
Batting: RHB Mike Warzecha
|
0-0: Ball 1-0: Ball 2-0: Ball 3-0: Called Strike 3-1: Ball
|
|
Batting: RHB Mark Jones
|
0-0: Called Strike 0-1: Called Strike 0-2: Ball 1-2: Strikes out swinging
|
|
Pinch Hitting: SHB Ethan Villalobos
|
0-0: Called Strike 0-1: Ball 1-1: Called Strike 1-2: Ball 2-2: Ball 3-2: Base on Balls Sean Peake to third Mike Warzecha to second
|
|
Batting: SHB Jose Castillo
|
0-0: Called Strike 0-1: Ball 1-1: Ball 2-1: Ball 3-1: Foul Ball, location: 2F 3-2: Strikes out swinging
|
|
Pinch Hitting: LHB Herkko Haavikko
|
0-0: Foul Ball, location: 2F 0-1: SINGLE (Line Drive, 8LS, EV 106.2 MPH) Sean Peake scores Mike Warzecha to third Ethan Villalobos to second Runner from 3rd tries for Home, SAFE, throw by CF to home Ethan Villalobos to third Herkko Haavikko to second
|
|
Batting: RHB Tatsunori Hayakawa
|
0-0: Ball 1-0: Fly out, F9 (Flyball, 9LM, EV 85.0 MPH)
|
| Top of the 7th over - 3 runs, 3 hits, 0 errors, 2 left on base; Kannapolis 7 - Cedar Rapids 6 |
| BOTTOM OF THE 7TH |
|
Cedar Rapids Kernels batting - Pitching for Kannapolis Intimidators : LHP Eric Larsen
|
|
Now at 3B: Luwen Storm
|
|
|
Now in RF: Herkko Haavikko
|
|
|
Batting: LHB Kuemon Shishido
|
0-0: Ball 1-0: Ball 2-0: Called Strike 2-1: Swinging Strike 2-2: Ground out 1-3 (Groundball, P, EV 73.1 MPH)
|
|
Batting: LHB Shaun Price
|
0-0: Ball 1-0: Called Strike 1-1: SINGLE (Flyball, 5D, EV 85.6 MPH)
|
|
Pinch Hitting: RHB Steve Raine
|
0-0: Foul Ball, location: 2F 0-1: Grounds into double play, 5-4-3 (Groundball, 56, EV 80.0 MPH)
|
| Bottom of the 7th over - 0 runs, 1 hit, 0 errors, 0 left on base; Kannapolis 7 - Cedar Rapids 6 |
| TOP OF THE 8TH |
|
Kannapolis Intimidators batting - Pitching for Cedar Rapids Kernels : RHP Bruce Wight
|
|
Pitching: LHP Mark Challinor
|
|
|
Now in LF: Dave Berry
|
|
|
Batting: RHB Jose Marquez
|
0-0: Called Strike 0-1: Ball 1-1: Ball 2-1: Foul Ball, location: 2F 2-2: Strikes out swinging
|
|
Batting: RHB Dunlang Clark
|
0-0: Ball 1-0: Ball 2-0: Ground out U3 (Groundball, 34S, EV 92.5 MPH)
|
|
Batting: RHB Sean Peake
|
0-0: Foul Ball, location: 2F 0-1: Ball 1-1: Ball 2-1: Foul Ball, location: 2F 2-2: Strikes out swinging
|
| Top of the 8th over - 0 runs, 0 hits, 0 errors, 0 left on base; Kannapolis 7 - Cedar Rapids 6 |
| BOTTOM OF THE 8TH |
|
Cedar Rapids Kernels batting - Pitching for Kannapolis Intimidators : LHP Eric Larsen
|
|
Now at 1B: Jose Castillo
|
|
|
Now in LF: Kyle Morse
|
|
|
Batting: RHB Nate Matson
|
0-0: Ball 1-0: Ball 2-0: Ball 3-0: Called Strike 3-1: Ground out 6-3 (Groundball, 6M, EV 79.4 MPH)
|
|
Batting: RHB Chris Bejarano
|
0-0: Ball 1-0: Called Strike 1-1: Foul Ball, location: 2F 1-2: Strikes out swinging
|
|
Batting: LHB Hector Olvera
|
0-0: Called Strike 0-1: Ball 1-1: Swinging Strike 1-2: Ball 2-2: Ball 3-2: Ground out 5-3 (Groundball, 5L, EV 103.8 MPH)
|
| Bottom of the 8th over - 0 runs, 0 hits, 0 errors, 0 left on base; Kannapolis 7 - Cedar Rapids 6 |
| TOP OF THE 9TH |
|
Kannapolis Intimidators batting - Pitching for Cedar Rapids Kernels : LHP Mark Challinor
|
|
Batting: RHB Kyle Morse
|
0-0: DOUBLE (Flyball, 9LD, EV 99.4 MPH)
|
|
Batting: RHB Mark Jones
|
0-0: Swinging Strike 0-1: Called Strike 0-2: Foul Ball, location: 2F 0-2: Ball 1-2: Ground out 5-3 (Groundball, 5L, EV 100.0 MPH)
|
|
Batting: RHB Luwen Storm
|
0-0: Called Strike 0-1: Ball 1-1: Swinging Strike 1-2: Foul Ball, location: 2F 1-2: Ball 2-2: Strikes out swinging
|
|
Batting: SHB Jose Castillo
|
0-0: Swinging Strike 0-1: Ground out 3-1 (Groundball, 34S, EV 77.5 MPH)
|
| Top of the 9th over - 0 runs, 1 hit, 0 errors, 1 left on base; Kannapolis 7 - Cedar Rapids 6 |
| BOTTOM OF THE 9TH |
|
Cedar Rapids Kernels batting - Pitching for Kannapolis Intimidators : LHP Eric Larsen
|
|
Pitching: RHP Chris Worster
|
|
|
Pinch Hitting: LHB Brian Wagner
|
0-0: Swinging Strike 0-1: Ball 1-1: Foul Ball, location: 2F 1-2: Strikes out swinging, 2-3 out at first.
|
|
Batting: RHB David McDonald
|
0-0: Ball 1-0: Foul Ball, location: 2F 1-1: Ball 2-1: Foul Ball, location: 2F 2-2: Ball 3-2: SOLO HOME RUN (Line Drive, 78XD, EV 106.2 MPH), Distance : 413 ft
|
|
Batting: RHB Tim Carter
|
0-0: Called Strike 0-1: Ball 1-1: Called Strike 1-2: Foul Ball, location: 2F 1-2: Ball 2-2: Fly out, F5 (Line Drive, 5, EV 77.5 MPH)
|
|
Batting: LHB Kuemon Shishido
|
0-0: Ground out 4-3 (Groundball, 4, EV 85.6 MPH)
|
| Bottom of the 9th over - 1 run, 1 hit, 0 errors, 0 left on base; Kannapolis 7 - Cedar Rapids 7 |
| TOP OF THE 10TH |
|
Kannapolis Intimidators batting - Pitching for Cedar Rapids Kernels : LHP Mark Challinor
|
|
Now at 3B: David McDonald
|
|
|
Now at SS: Brian Wagner
|
|
|
Pinch Hitting: RHB Duncan Collins
|
0-0: Ball 1-0: SINGLE (Groundball, 6MS, EV 77.5 MPH) (infield hit)
|
|
Batting: RHB Tatsunori Hayakawa
|
0-0: Bunted foul 0-1: Ball 1-1: Ball 2-1: Ball 3-1: Reached on error, E5 (Groundball, 25, EV 43.8 MPH) Duncan Collins to second
|
|
Batting: RHB Jose Marquez
|
0-0: Swinging Strike 0-1: Ball 1-1: Ball 2-1: Called Strike 2-2: Foul Ball, location: 2F 2-2: Ball 3-2: Strikes out looking
|
|
Pitching: RHP Steven Legge
|
|
|
Pinch Hitting: LHB James Groshong
|
0-0: Ball 1-0: Ball 2-0: 3-RUN HOME RUN (Flyball, 9LD, EV 93.1 MPH), Distance : 349 ft
|
|
Batting: RHB Sean Peake
|
0-0: Ball 1-0: Ball 2-0: Called Strike 2-1: Ball 3-1: Ground out 6-3 (Groundball, 6, EV 84.4 MPH)
|
|
Batting: RHB Kyle Morse
|
0-0: Called Strike 0-1: Ball 1-1: Ball 2-1: Foul Ball, location: 2F 2-2: Strikes out swinging
|
| Top of the 10th over - 3 runs, 2 hits, 1 error, 0 left on base; Kannapolis 10 - Cedar Rapids 7 |
| BOTTOM OF THE 10TH |
|
Cedar Rapids Kernels batting - Pitching for Kannapolis Intimidators : RHP Chris Worster
|
|
Now at C: Joselito Santos
|
|
|
Now in RF: Vinny Siebecker
|
|
|
Batting: LHB Shaun Price
|
0-0: Ball 1-0: DOUBLE (Line Drive, 7LM, EV 103.8 MPH)
|
|
Batting: RHB Dave Berry
|
0-0: Ball 1-0: Foul Ball, location: 2F 1-1: Ball 2-1: Ball 3-1: Called Strike 3-2: Strikes out swinging
|
|
Batting: RHB Nate Matson
|
0-0: Ball 1-0: Swinging Strike 1-1: Ball 2-1: Ball 3-1: Fly out, F7 (Line Drive, 7S, EV 95.0 MPH) Lined into DP, 7-4 (Line Drive, 7S, EV 95.0 MPH)
|
| Bottom of the 10th over - 0 runs, 1 hit, 0 errors, 0 left on base; Kannapolis 10 - Cedar Rapids 7 |
|